 Dungeon Crawl Stone Soup version 0.31.0-12-g77e489cdc1 (webtiles) character file.

Game seed: 8766167079618316488

5694 spaghetti the Fighter (level 10, 0/135 HPs)
             Began as an Oni Chaos Knight on Feb 22, 2024.
             Was a Plaything of Xom.
             Succumbed to an orc wizard's poison
             ... on level 8 of the Dungeon.
             The game lasted 00:16:27 (11987 turns).

spaghetti the Fighter (Oni Chaos Knight)           Turns: 11987, Time: 00:16:28

Health: 0/135      AC:  8    Str: 16    XL:     10   Next: 76%
Magic:  10/10      EV: 25    Int: 21    God:    Xom [.*....]
Gold:   378        SH:  0    Dex: 13    Spells: 8/9 levels left

rFire   . . .        u - +4 giant club (chaos)
rCold   . . .        (shield currently unavailable)
rNeg    . . .        i - +2 robe of Terror {Fly Dex+3}
rPois   +            x - +0 hat of Weola {rCorr}
rElec   .            r - +0 cloak
rCorr   +            (gloves unavailable)
SInv    .            (boots unavailable)
Will    +....        d - amulet of the acrobat
Stlth   ++           k - ring of wizardry
HPRegen 0.42/turn    (no ring)
MPRegen 0.12/turn

%: acrobat, clarity, wizardry (x1)
@: lethally poisoned (0 -> -3), acrobatic, flying
A: large, unfitting armour, horns 1, tough skin 1, double potion healing,
drunken brawling, iridescent scales 1, camouflage 1, clarity, clever 2, sense
surroundings 2, poison resistance, robust 1
a: Renounce Religion


You were on level 8 of the Dungeon.
You worshipped Xom.
You were a plaything of Xom.
You visited 1 branch of the dungeon, and saw 9 of its levels.
You also visited: Sewer.

You collected 378 gold pieces.

Inventory:

Hand Weapons
 p - a +0 giant spiked club
 u - a +4 giant club of chaos (weapon)
Missiles
 c - 37 poisoned darts
 h - 6 curare-tipped darts
 z - 6 large rocks
Armour
 a - a +2 robe
 i - the +2 robe of Terror (worn) {Fly Dex+3}
   (You found it on level 3 of the Dungeon)

   Dex+3:     It affects your dexterity (+3).
   Fly:       It grants you flight.
 r - a +0 cloak (worn)
 x - the +0 hat of Weola (worn) {rCorr}
   (Xom gifted it to you on level 6 of the Dungeon)

   rCorr:     It protects you from acid and corrosion.
 D - the +5 robe of Misfortune {Harm *Corrode *Slow EV+5}
   (You found it on level 8 of the Dungeon)

   EV+5:      It affects your evasion (+5).
   *Corrode:  It may corrode you when you take damage.
   *Slow:     It may slow you when you take damage.
   Harm:      It increases damage dealt and taken.
Jewellery
 d - an amulet of the acrobat (around neck)
 f - an amulet of magic regeneration
 k - a ring of wizardry (left hand)
 v - a ring of positive energy
Wands
 j - a wand of mindburst (9)
 y - a wand of flame (39)
 C - a wand of polymorph (9)
Scrolls
 b - 2 scrolls of teleportation
 e - a scroll of enchant armour
 g - a scroll of noise
 l - a scroll of amnesia
 o - a scroll of revelation
 t - a scroll of immolation
 w - a scroll of vulnerability
 A - a scroll of identify
 B - a scroll of blinking
Potions
 m - a potion of cancellation
 n - 4 potions of degeneration
 s - a potion of mutation


   Skills:
 + Level 14.5 Fighting
 + Level 8.7 Throwing
 - Level 2.1 Dodging
 - Level 2.6 Unarmed Combat
 - Level 6.6 Shapeshifting


You had 8 spell levels left.
You knew the following spells:

 Your Spells              Type           Power      Damage    Failure   Level
a - Magic Dart            Conj           0%         1d3       8%          1

Your spell library contained the following spells:

 Spells                   Type           Power      Damage    Failure   Level
 Blink                    Tloc           0%         N/A       11%         2
 Call Imp                 Summ           0%         N/A       11%         2
 Searing Ray              Conj           0%         2d4       11%         2
 Gell's Gravitas          Tloc           0%         N/A       21%         3
 Teleport Other           Tloc           0%         N/A       21%         3
 Fulminant Prism          Conj/Alch      0%         3d5       54%         4
 Dispersal                Tloc           0%         N/A       100%        6


Dungeon Overview and Level Annotations

Branches:
Dungeon (9/15)             Temple (0/1) D:6           Sewer (visited)
   Lair: D:8-11         Orc: D:9-12

Altars:
Cheibriados
Dithmenos
Elyvilon
Hepliaklqana
Kikubaaqudgha
Makhleb
Nemelex Xobeh
Ru
Sif Muna
Uskayaw
Vehumet

Annotations:
D:2 Sigmund
D:6 4 runed translucent doors, ChrisAssaf's ghost, novice HuAl; Crazy Yiuf


Innate Abilities, Weirdness & Mutations

You are too large for most types of armour.
You have a pair of small horns on your head.
You have tough skin. (AC +1)
You gain doubled healing and magic from potions.
Whenever you drink a healing potion, you attack all around you.
You are partially covered in iridescent scales. (AC +2)
Your skin changes colour to match your surroundings (Stealth+).
You possess an exceptional clarity of mind.
Your mind is very acute. (Int +8, Str/Dex -2)
You passively map the area around you.
Your system is resistant to poisons. (rPois)
You are robust. (+10% HP)


Message History

You are more poisoned.
You miss something. Your headbutt misses something.
You feel extremely sick. Something hits you.
* * * LOW HITPOINT WARNING * * *
Something hits you.
* * * LOW HITPOINT WARNING * * *
You are lethally poisoned!
Something hits you but does no damage. Something hits you.
* * * LOW HITPOINT WARNING * * *
Okay, then.
Okay, then.
As you read the scroll of fear, it crumbles to dust.
You assume a fearsome visage.
* * * LOW HITPOINT WARNING * * *
You feel very sick.
Okay, then.
Okay, then.
You are lethally poisoned (14 -> -3).
You are flying.
Your flying speed is average.
Your attack delay is about 1.6.
Your damage rating with your +4 giant club of chaos is about 32 (Base 20 x 115% (Str) x 124% (Skill) + 4 (Ench)).
Your base attributes are Str 18, Int 13, Dex 12.
Okay, then.
Okay, then.
* * * LOW HITPOINT WARNING * * *
You feel very sick.
* * * LOW HITPOINT WARNING * * *
You feel very sick.
* * * LOW HITPOINT WARNING * * *
You feel very sick.
There is a lethal amount of poison in your body!
Unknown command.
* * * LOW HITPOINT WARNING * * *
You feel sick.
* * * LOW HITPOINT WARNING * * *
You feel sick.
* * * LOW HITPOINT WARNING * * *
You feel sick.
You die...
Xom cackles wildly!

............†[.........# ,
.................)....#* ,
, ,.......).......####)).#
, #.......)).....###)#..##
,*
#..)..)).....#..#.)....## ,
#..........?##..........#
#.......#...###......$.## ,
,
,*#...#...#.............##
,,
..........@#.$..#.......##
.....####..##..##........#
,
.......###........[.......#
* *
..........................#
.........................##
.......##......####.....##
,
.................#........,
##...))...#..............,
,
....#...)$.###..........#.,


There were no monsters in sight!

Vanquished Creatures
  A deep elf pyromancer (D:7)
  Maurice (D:7)
  Jeremiah (D:7)
  Prince Ribbit (D:5)
  3 yaks (D:7)
  A steam dragon (D:6)
  Menkaure (D:7)
  3 vampire mosquitoes (D:7)
  3 water moccasins
  A black bear (D:8)
  2 sky beasts
  4 ogres
  A centaur (D:8)
  2 phantoms (D:5)
  A brain worm (Sewer)
  8 kobold brigands
  4 bullfrogs
  A gnoll sergeant (D:5)
  3 scorpions
  4 wights
  A howler monkey (D:5)
  An electric eel (Sewer)
  2 bombardier beetles
  A jelly (D:7)
  2 orc priests (D:8)
  2 hounds
  Jessica (D:3)
  A sleepcap (D:5)
  2 iguanas
  4 orc wizards
  7 gnolls
  9 adders
  A river rat (Sewer)
  A shadow imp (D:8)
  A white imp (D:8)
  4 ufetubi
  A dart slug (D:5)
  7 ribbon worms
  24 orcs
  6 bats
  9 endoplasms
  A giant cockroach (D:1)
  2 goblins
  8 hobgoblins
  4 quokkas
  5 ball pythons
  4 frilled lizards
  25 kobolds
  12 rats
194 creatures vanquished.

Vanquished Creatures (collateral kills)
  An orc warrior (D:8)
  An orc (D:8)
2 creatures vanquished.

Grand Total: 196 creatures vanquished

Notes
Turn   | Place    | Note
-------+----------+-------------------------------------------
     0 | D:1      | spaghetti the Oni Chaos Knight began the quest for the Orb.
     0 | D:1      | Reached XP level 1. HP: 24/24 MP: 1/1
   111 | D:1      | Reached XP level 2. HP: 33/33 MP: 2/2
   255 | D:1      | Reached skill level 1 in Shapeshifting
   507 | D:1      | Reached XP level 3. HP: 36/41 MP: 3/3
   682 | D:2      | XOM: noise
   711 | D:2      | XOM: divination: detect items
   727 | D:3      | Reached skill level 5 in Fighting
   773 | D:3      | XOM: scenery: 1 doors open
   814 | D:2      | Noticed Sigmund
   816 | D:2      | Noticed Jessica
   817 | D:2      | XOM: divination: detect creatures
   827 | D:3      | XOM: silly message
   844 | D:3      | XOM: silly message
   853 | D:3      | Killed Jessica
   854 | D:3      | Reached XP level 4. HP: 50/50 MP: 4/4
  1002 | D:3      | Found a burning altar of Makhleb.
  1021 | D:3      | XOM: 2-stop teleportation journey
  1067 | D:3      | Found a white marble altar of Elyvilon.
  1359 | D:3      | XOM: silly message
  1431 | D:3      | Identified the +2 robe of Terror {Fly Dex+3}
  1493 | D:3      | XOM: silly message
  1571 | D:3      | Found a shadowy altar of Dithmenos.
  1761 | D:3      | XOM: give mutations
  1761 | D:3      | Gained mutation: Your mind is acute. (Int +4, Str/Dex -1)
                  | [Xom's mischief]
  1761 | D:3      | Lost mutation: Your mind is acute. (Int +4, Str/Dex -1)
                  | [Xom's mischief]
  2015 | D:3      | Found a faded altar of an unknown god.
  2151 | D:4      | Noticed a bullfrog
  2170 | D:4      | Killed a bullfrog
  2171 | D:4      | Reached skill level 6 in Fighting
  2171 | D:4      | Reached XP level 5. HP: 39/59 MP: 5/5
  2307 | D:4      | Noticed an ogre
  2308 | D:4      | XOM: chaos upgrade
  2480 | D:3      | XOM: give mutations
  2480 | D:3      | Gained mutation: You have very sharp teeth. [Xom's
                  | mischief]
  2480 | D:3      | Lost mutation: You have very sharp teeth. [Xom's mischief]
  2480 | D:3      | Gained mutation: You have hidden genetic potential. [Xom's
                  | mischief]
  2480 | D:3      | Gained mutation: You have great hidden genetic potential.
                  | [Xom's mischief]
  2523 | D:4      | Reached XP level 6. HP: 53/68 MP: 6/6
  2580 | D:5      | Entered Level 5 of the Dungeon
  2580 | D:5      | Found a hazy altar of Hepliaklqana.
  2588 | D:5      | Reached skill level 7 in Fighting
  2628 | D:5      | Gained mutation: You are partially covered in iridescent
                  | scales. (AC +2) [hidden potential]
  2770 | D:5      | XOM: confusion (+ monsters)
  2771 | D:5      | XOM: confusion
  2784 | D:5      | Reached XP level 7. HP: 42/79 MP: 7/7
  2784 | D:5      | XOM: smoke on damage
  2909 | D:5      | XOM: give mutations
  2909 | D:5      | Gained mutation: Your mind is acute. (Int +4, Str/Dex -1)
                  | [Xom's mischief]
  2909 | D:5      | Gained mutation: You are vulnerable to heat. (rF-) [Xom's
                  | mischief]
  2998 | D:5      | Noticed Prince Ribbit
  3004 | D:5      | XOM: noise
  3020 | D:5      | HP: 2/79 [Prince Ribbit (6)]
  3021 | D:5      | Killed Prince Ribbit
  3022 | D:5      | Reached skill level 8 in Fighting
  3041 | D:5      | Gained mutation: You are strong-willed. (Will+) [hidden
                  | potential]
  3041 | D:5      | Lost mutation: You have great hidden genetic potential.
                  | [hidden potential expressed]
  3074 | D:5      | Lost mutation: You are strong-willed. (Will+) [potion of
                  | mutation]
  3074 | D:5      | Lost mutation: You have hidden genetic potential. [potion
                  | of mutation]
  3074 | D:5      | Lost mutation: You are vulnerable to heat. (rF-) [potion of
                  | mutation]
  3074 | D:5      | Gained mutation: You passively map a small area around you.
                  | [potion of mutation]
  3074 | D:5      | Gained mutation: You have hidden genetic potential. [potion
                  | of mutation]
  3088 | D:5      | Learned a level 1 spell: Magic Dart
  3128 | D:5      | Found a glowing drain.
  3133 | Sewer    | Entered a sewer
  3296 | Sewer    | Reached skill level 5 in Shapeshifting
  3421 | Sewer    | XOM: stat loss: -1 Str (15/16)
  3558 | Sewer    | XOM: stat loss: -1 Int (16/17)
  3615 | Sewer    | XOM: stat loss: -1 Int (15/17)
  3622 | Sewer    | XOM: 1-stop teleportation journey
  3716 | Sewer    | Reached skill level 9 in Fighting
  3870 | Sewer    | XOM: stat loss: -1 Str (15/16)
  3880 | Sewer    | XOM: enchant monster (bad)
  4188 | Sewer    | XOM: fog
  4195 | Sewer    | XOM: enchant monster (bad)
  4209 | Sewer    | Reached XP level 8. HP: 32/92 MP: 1/8
  4494 | Sewer    | XOM: divination: magic mapping
  4509 | Sewer    | XOM: polymorph kobold brigand -> electric eel
  4541 | Sewer    | XOM: silly message
  4585 | Sewer    | XOM: silly message
  4882 | Sewer    | XOM: silly message
  4907 | Sewer    | Reached skill level 1 in Throwing
  4912 | Sewer    | Gained mutation: You are robust. (+10% HP) [hidden
                  | potential]
  5608 | D:5      | Found a radiant altar of Vehumet.
  5621 | D:5      | Reached skill level 10 in Fighting
  5709 | D:5      | XOM: enchant monster (good)
  6123 | D:4      | XOM: divination: detect items
  6266 | D:4      | Found a shimmering blue altar of Sif Muna.
  6853 | D:4      | Reached XP level 9. HP: 111/112 MP: 3/9
  6897 | D:4      | XOM: divination: detect creatures
  6909 | D:4      | Found a hide-covered altar of Uskayaw.
  7162 | D:5      | XOM: give mutations
  7162 | D:5      | Gained mutation: Your mind is very acute. (Int +8, Str/Dex
                  | -2) [Xom's grace]
  7162 | D:5      | Gained mutation: Your skin changes colour to match your
                  | surroundings (Stealth+). [Xom's grace]
  7162 | D:5      | Gained mutation: You possess an exceptional clarity of
                  | mind. [Xom's grace]
  7162 | D:5      | Gained mutation: Your system is resistant to poisons.
                  | (rPois) [Xom's grace]
  7351 | D:5      | Found an ancient bone altar of Kikubaaqudgha.
  7617 | D:6      | Identified the +0 hat of Weola {rCorr} (Xom gifted it to
                  | you on level 6 of the Dungeon)
  7617 | D:6      | XOM: god gift: +0 hat of Weola {rCorr}
  7621 | D:6      | XOM: god gift: runed rapier {god gift}
  7696 | D:6      | Found a runed translucent gate.
  7696 | D:6      | Noticed a troll
  7699 | D:6      | Noticed ChrisAssaf's ghost (novice HuAl)
  7715 | D:6      | Reached skill level 11 in Fighting
  7716 | D:6      | Gained mutation: You passively map the area around you.
                  | [hidden potential]
  7716 | D:6      | Lost mutation: You have hidden genetic potential. [hidden
                  | potential expressed]
  7740 | D:6      | Found a staircase to the Ecumenical Temple.
  7819 | D:6      | XOM: cleaving
  7837 | D:6      | XOM: silly message
  7974 | D:6      | XOM: cloud trail
  8134 | D:6      | XOM: 2-stop teleportation journey
  8178 | D:6      | Reached skill level 5 in Throwing
  8385 | D:6      | Found a sacrificial altar of Ru.
  8433 | D:6      | Found a runed translucent door.
  8434 | D:6      | Noticed Crazy Yiuf
  8464 | D:6      | Found a runed translucent gate.
  8465 | D:6      | Found a runed translucent gate.
  8574 | D:6      | XOM: confuse monster(s)
  8687 | D:6      | XOM: noise
  9113 | D:7      | XOM: noise
  9242 | D:7      | Noticed Menkaure
  9255 | D:7      | Killed Menkaure
  9256 | D:7      | Reached skill level 12 in Fighting
  9358 | D:7      | XOM: cast spell 'Animate Armour'
  9563 | D:7      | XOM: potion effect (berserk rage)
  9593 | D:7      | Reached XP level 10. HP: 101/129 MP: 6/10
  9906 | D:7      | Noticed Maurice
  9934 | D:7      | Something stole a throwing net
  9935 | D:7      | Something stole an amulet of magic regeneration
  9936 | D:7      | Something stole a +0 giant spiked club
  9937 | D:7      | Something stole 312 gold
  9953 | D:7      | Found a snail-covered altar of Cheibriados.
  9965 | D:7      | Something stole 6 large rocks
  9969 | D:7      | Killed Maurice
  9970 | D:7      | Reached skill level 13 in Fighting
  9997 | D:7      | XOM: 1-stop teleportation journey
 10234 | D:7      | Noticed a deep elf pyromancer
 10242 | D:7      | Killed a deep elf pyromancer
 10441 | D:7      | Found a sparkling altar of Nemelex Xobeh.
 10501 | D:7      | Noticed Jeremiah
 10521 | D:7      | XOM: smoke on damage
 10531 | D:7      | Killed Jeremiah
 10532 | D:7      | Reached skill level 14 in Fighting
 11201 | D:8      | XOM: summons 6 hostile demons
 11314 | D:8      | XOM: blink monster(s)
 11315 | D:8      | XOM: confuse monster(s)
 11792 | D:8      | Found the +5 robe of Misfortune {Harm *Corrode *Slow EV+5}
 11799 | D:8      | XOM: noise
 11800 | D:8      | XOM: blink monster(s)
 11848 | D:8      | XOM: cast spell 'Summon Cactus Giant'
 11983 | D:8      | HP: 4/135 [poisoned by an orc wizard]
 11985 | D:8      | HP: 1/135 [poisoned by an orc wizard]
 11987 | D:8      | Succumbed to an orc wizard's poison

Illustrated notes

Levels and vault maps discovered:
D:1:      wander_arrival_fairy_ring, layout_loops_ring,
          minmay_tree_intersection, serial_park_tiny_2
D:2:      layout_rooms, uniq_jessica, uniq_sigmund
D:3:      layout_basic, mainiacjoe_overflow_surrounded_room,
          mainiacjoe_overflow_tiny_flanked, mainiacjoe_overflow_catwalk,
          shapermc_ecumenical_altar_petra, st_stairs_1
D:4:      layout_loops_ring, nicolae_uskayaw_dance_hall, lemuel_blue_sif_altar
D:5:      layout_loops_ring, nicolae_hepliaklqana_hazy_memory,
          mainiacjoe_overflow_cross_hatched, mainiacjoe_overflow_alcove_4,
          mainiacjoe_sewer_entry_somewhere_in_here_1, uniq_prince_ribbit1
D:6:      layout_layer_cave, nicolae_ru_path_of_blood,
          minmay_temple_entry_trees, gammafunk_ghost_split,
          uniq_crazy_yiuf_cottage
D:7:      layout_loops_ring, old_standard_altar, nemelex_dance_club_becter,
          uniq_maurice, uniq_menkaure, uniq_jeremiah
D:8:      layout_cave_pools, serial_shops, shop, shop_coins, chequers_big_river,
          chequers_serial_rivers_micro_a
D:9:      layout_layer_cave, mainiacjoe_overflow_24_doors,
          biasface_ghost_orc_armoury

Skill      XL: |  1  2  3  4  5  6  7  8  9 10 |
---------------+-------------------------------+-----
Shapeshifting  | 1 2 3 4 5 6 |  6.6
Fighting       | 5 6 7 9 10 12 14 | 14.5
Throwing       | 3 6 8 |  8.7
Dodging        | |  2.1
Unarmed Combat | |  2.6

Action                     |  1- 3 |  4- 6 |  7- 9 | 10-12 || total
---------------------------+-------+-------+-------+-------++-------
  Melee: Unarmed           |   113 |   149 |   520 |       ||   782
         Headbutt          |    17 |    33 |   130 |    20 ||   200
         Punch             |     2 |     2 |    12 |       ||    16
         Giant club        |       |       |    23 |   112 ||   135
  Throw: Throwing net      |       |       |     1 |       ||     1
         Dart              |       |       |    17 |     3 ||    20
         Large rock        |       |       |       |     4 ||     4
   Cast: Magic Dart        |       |       |   212 |    40 ||   252
  Evoke: Wand              |       |       |     7 |       ||     7
    Use: Scroll            |     3 |     2 |     3 |     4 ||    12
         Potion            |     2 |     4 |     4 |       ||    10
   Stab: Held in net/web   |       |       |     1 |       ||     1
         Distracted        |       |       |     1 |       ||     1
         Confused          |       |       |     1 |       ||     1
 Armour: Robe              |   100 |   134 |   342 |   247 ||   823
         Skin              |     7 |       |       |       ||     7
  Dodge: Dodged            |    51 |    93 |   227 |   110 ||   481
